 Dungeon Crawl Stone Soup version 0.19-a0-1767-gb375097 (webtiles) character file.

1610 Bzzzz the Covert (level 8, -2/42 HPs)
             Began as a Spriggan Assassin on Oct 2, 2016.
             Was an Initiate of Okawaru.
             Slain by Pikel
             ... wielding a +1 whip of flaming
              (9 damage)
             ... on level 5 of the Dungeon.
             The game lasted 00:18:03 (9340 turns).

Bzzzz the Covert (Spriggan Assassin)                Turns: 9340, Time: 00:18:04

Health: -2/42      AC:  3    Str:  7    XL:     8   Next: 63%
Magic:  0/9        EV: 22    Int: 13    God:    Okawaru [......]
Gold:   167        SH:  0    Dex: 19    Spells: 1 memorised, 5 levels left

rFire  . . .     SeeInvis +     q - +1 short sword (speed)
rCold  . . .     Gourm    .     c - +0 robe
rNeg   . . .     Faith    .     (shield restricted)
rPois  .         Spirit   +     (helmet restricted)
rElec  .         Dismiss  .     d - +0 cloak
rCorr  .         Reflect  .     (gloves unavailable)
MR     +....     Harm     .     (boots unavailable)
Stlth  ++++++....               o - amulet of guardian spirit
                                (no ring)
                                (no ring)

@: very quick
A: unfitting armour, see invisible, herbivore 3, speed 3, slow metabolism 2
a: Renounce Religion


You were on level 5 of the Dungeon.
You worshipped Okawaru.
Okawaru was noncommittal.
You were not hungry.

You visited 1 branch of the dungeon, and saw 5 of its levels.

You collected 167 gold pieces.

Inventory:

Hand Weapons
 a - a +2 dagger
 b - a +1 blowgun
 m - a +1 whip of draining
 q - a +1 short sword of speed (weapon)
Missiles
 e - 8 poisoned needles
Armour
 c - a +0 robe (worn)
 d - a +0 cloak (worn)
Jewellery
 o - an amulet of guardian spirit (around neck)
Wands
 k - a wand of digging (5/24)
 p - a wand of polymorph (6/24)
Scrolls
 i - a scroll of remove curse
 n - a scroll of amnesia
Potions
 h - a potion of cure mutation
 j - a potion of might {unknown}
Books
 s - a book of Minor Magic

   Spells                             Type                      Level
   a - Magic Dart                     Conjuration                  1
   b - Blink                          Translocation                2
   c - Call Imp                       Summoning                    2
   d - Repel Missiles                 Charms/Air                   2
   e - Slow                           Hexes                        2
   f - Conjure Flame                  Conjuration/Fire             3
   g - Mephitic Cloud                 Conjuration/Poison/Air       3
Comestibles
 g - 4 bread rations


   Skills:
 + Level 3.9 Fighting
 + Level 5.2 Short Blades
 + Level 5.0 Throwing
 + Level 6.2 Dodging
 * Level 11.3 Stealth


You had 5 spell levels left.
You knew the following spells:

 Your Spells              Type           Power        Failure   Level  Hunger
a - Repel Missiles        Chrm/Air       #.....       47%         2    ###....


Dungeon Overview and Level Annotations

Branches:
Dungeon (5/15)
 Temple: D:4-7

Altars:
Ashenzari
Gozag
Kikubaaqudgha
Okawaru
Vehumet
Xom

Shops:
D:4 *

Annotations:
D:5 Pikel


Innate Abilities, Weirdness & Mutations

You are very small and have problems with some larger weapons.
You are too small for most types of armour.
You have supernaturally acute eyesight. (SInv)
You are a herbivore.
You cover ground extremely quickly.
You need consume almost no food.


Message History

Pikel is almost dead.
You hit Pikel but do no damage.
Pikel is almost dead.
Pikel hits you with a whip of flaming! Pikel burns you.
You hit Pikel but do no damage.
Pikel is almost dead.
Pikel hits you with a whip of flaming.
* * * LOW HITPOINT WARNING * * *
Pikel burns you.
* * * LOW HITPOINT WARNING * * *
You are too injured to fight recklessly!
You are too injured to fight recklessly!
You are too injured to fight recklessly!
You are too injured to fight recklessly!
You hit Pikel but do no damage.
Pikel is almost dead.
You hit Pikel but do no damage.
Pikel is almost dead.
Pikel hits you with a whip of flaming!
You die...

#.....≈≈≈≈.....#
#.....P≈..P....#####
#.........>.........
####
#.............######
#..## #####...........#
##..# #.......#####.#
#..# #.#.....#####.#
##.#####.##.......##.#
#....(pK@###...#.....###
#....##### #...P.###...#
#....# #.88(.# ##..##
###.p#### #..P8#####....
#.....####P......##...#
#.###...p..#####.##.###
#.# #####...## #.##.###
#.# #.8....###.#.....
#.# #...p#..#........


You could see Pikel and a slave.

Vanquished Creatures
  The ghost of nago the Slasher, an amateur HEWr of Dithmenos (D:4)
  Eustachio (D:5)
  A slave (D:5)
  2 ogres
  Blork the orc (D:5)
  A water moccasin zombie (D:5)
  2 scorpions (D:4)
  2 vampire bats (D:2)
  A crimson imp (D:5)
  2 bullfrog zombies (D:5)
  A bullfrog skeleton (D:5)
  3 orc priests
  A hound (D:4)
  Terence (D:3)
  3 centaur skeletons
  3 orc wizards
  5 worker ants
  A killer bee zombie (D:5)
  A hound skeleton (D:4)
  2 hound zombies (D:5)
  7 adders
  A shadow imp (D:5)
  An adder zombie (D:5)
  2 adder skeletons (D:5)
  4 worms
  A dart slug (D:1)
  8 leopard geckos
  22 orcs
  A ball python (D:1)
  13 bats
  2 bat skeletons (D:2)
  4 bat zombies (D:2)
  2 giant cockroaches
  4 goblins
  8 hobgoblins
  4 quokkas
  2 ball python zombies
  4 frilled lizards
  A jackal skeleton (D:4)
  7 kobolds
  A leopard gecko skeleton (D:4)
  A quokka skeleton (D:5)
  14 rats
149 creatures vanquished.

Notes
Turn   | Place    | Note
-------+----------+-------------------------------------------
     0 | D:1      | Bzzzz the Spriggan Assassin began the quest for the Orb.
     0 | D:1      | Reached XP level 1. HP: 10/10 MP: 2/2
    57 | D:1      | Reached skill level 6 in Stealth
   794 | D:1      | Reached XP level 2. HP: 14/14 MP: 3/3
  1491 | D:2      | Reached XP level 3. HP: 18/18 MP: 4/4
  1638 | D:2      | Found a faded altar of an unknown god.
  2253 | D:2      | Found a radiant altar of Vehumet.
  2263 | D:2      | Reached skill level 7 in Stealth
  2263 | D:2      | Reached XP level 4. HP: 23/23 MP: 5/5
  2264 | D:2      | Found a shimmering altar of Xom.
  2978 | D:2      | Found an ancient bone altar of Kikubaaqudgha.
  2999 | D:2      | Reached XP level 5. HP: 12/26 MP: 6/6
  4071 | D:3      | Noticed Terence
  4088 | D:3      | Killed Terence
  4088 | D:3      | Reached skill level 8 in Stealth
  4429 | D:3      | Reached XP level 6. HP: 16/32 MP: 3/7
  5193 | D:4      | Noticed nago's ghost (amateur HEWr)
  5201 | D:4      | Found a shattered altar of Ashenzari.
  5532 | D:4      | Reached skill level 9 in Stealth
  5532 | D:4      | Reached XP level 7. HP: 22/35 MP: 4/8
  5635 | D:4      | Learned a level 2 spell: Repel Missiles
  5785 | D:4      | Found Daruam's Assorted Antiques.
  6891 | D:4      | Killed nago's ghost
  6891 | D:4      | Reached skill level 5 in Dodging
  7028 | D:4      | Reached skill level 10 in Stealth
  7532 | D:4      | Found an opulent altar of Gozag.
  7793 | D:5      | Entered Level 5 of the Dungeon
  7853 | D:5      | Reached XP level 8. HP: 40/40 MP: 9/9
  7943 | D:5      | HP: 1/40 [shadow imp (5)]
  8464 | D:5      | Noticed Grinder
  9076 | D:5      | Found an iron altar of Okawaru.
  9083 | D:5      | Became a worshipper of Warmaster Okawaru
  9084 | D:5      | Noticed Eustachio
  9084 | D:5      | Noticed Blork the orc
  9118 | D:5      | Noticed Grinder
  9118 | D:5      | Grinder changed into Grinder the crimson imp
  9119 | D:5      | Killed Blork the orc
  9119 | D:5      | Reached skill level 5 in Short Blades
  9119 | D:5      | Reached skill level 11 in Stealth
  9154 | D:5      | Killed Eustachio
  9154 | D:5      | Reached skill level 5 in Throwing
  9184 | D:5      | Killed Grinder the crimson imp
  9255 | D:5      | Noticed Pikel
  9340 | D:5      | Slain by Pikel

Vault maps used:
D:1:      zaba_arrival_water
D:2:      nicolae_overflow_hidden_temple, xom_teletrap_fun,
          kennysheep_vampire_church, ecumenical_altar_1
D:3:      grunt_ministairs_9, uniq_terence
D:4:      lemuel_coloured_pillars_altar, ashenzari_altar_1, serial_shops, shop,
          serial_park_tiny_pond
D:5:      lemuel_doored_altar, first_bread, serial_undead, serial_undead_f,
          serial_undead_e, serial_undead_c, serial_undead_f, serial_undead_f,
          serial_undead_a, serial_undead_c, uniq_grinder, uniq_pikel,
          uniq_eustachio, uniq_blork_the_orc

Skill      XL: |  1  2  3  4  5  6  7  8 |
---------------+-------------------------+-----
Stealth        | 6 7 8 9 10 11 | 11.3
Dodging        | 2 3 4 5 6 |  6.2
Fighting       | 2 3 |  3.9
Throwing       | 3 4 5 |  5.0
Short Blades   | 3 4 5 |  5.2

Action                   |  1- 3 |  4- 6 |  7- 9 || total
-------------------------+-------+-------+-------++-------
Melee: Dagger            |   118 |   147 |       ||   265
       Short sword       |       |   135 |   433 ||   568
 Fire: Blowgun           |     3 |    17 |    39 ||    59
Evoke: Wand              |       |       |     2 ||     2
  Use: Scroll            |     5 |     6 |     2 ||    13
       Potion            |       |       |     6 ||     6
 Stab: Sleeping          |    11 |    14 |     5 ||    30
       Distracted        |     1 |     1 |     2 ||     4
       Invisible         |       |       |     1 ||     1
  Eat: Bread ration      |       |     1 |     1 ||     2
Armor: Robe              |    16 |    23 |    21 ||    60
Dodge: Dodged            |    84 |   278 |   249 ||   611
